 Dungeon Crawl Stone Soup version 0.21-a0-552-g593960d (webtiles) character file.

143 esteth the Skirmisher (level 5, -2/48 HPs)
             Began as a Centaur Warper on Dec 17, 2017.
             Slain by Crazy Yiuf
             ... wielding a +3 quarterstaff of chaos
              (4 damage)
             ... on level 2 of the Dungeon.
             The game lasted 00:06:16 (2605 turns).

esteth the Skirmisher (Centaur Warper)              Turns: 2605, Time: 00:06:17

Health: -2/48      AC:  4    Str: 13    XL:     5   Next: 4%
Magic:  7/7        EV:  9    Int: 17    God:
Gold:   67         SH:  0    Dex: 10    Spells: 7/7 levels left

rFire    . . .     SeeInvis .   h - +2 hand axe (freeze)
rCold    . . .     Gourm    .   (no shield)
rNeg     . . .     Faith    .   b - +0 leather armour
rPois    .         Spirit   .   (no helmet)
rElec    .         Reflect  .   (no cloak)
rCorr    .         Harm     .   (no gloves)
MR       .....                  (no barding)
Stlth    ..........             (no amulet)
HPRegen  0.16/turn              (no ring)
MPRegen  0.10/turn              (no ring)

@: brilliant, lethally poisoned (-2 -> -11), very quick
A: large, hooves 3, deformed body, speed 2, tough skin 3
a: no special abilities


You were on level 2 of the Dungeon.
You were not hungry.

You visited 1 branch of the dungeon, and saw 2 of its levels.

You collected 67 gold pieces.

Inventory:

Hand Weapons
 a - a +0 falchion
 h - a +2 hand axe of freezing (weapon)
Missiles
 e - 5 tomahawks of dispersal (quivered)
 p - a throwing net
Armour
 b - a +0 leather armour (worn)
 g - the +1 helmet of the Good {rN+++ Str-5 Int+3 Stlth-}
   (You took it off Robin on level 2 of the Dungeon)

   It affects your strength (-5).
   It affects your intelligence (+3).
   It renders you almost immune to negative energy.
   It makes you less stealthy.
Scrolls
 d - a scroll of blinking
 i - 2 scrolls of enchant weapon {unknown}
 l - 2 scrolls of fog {unknown}
 n - a scroll of magic mapping {unknown}
 o - a scroll of identify {unknown}
Books
 c - a book of Spatial Translocations

   Spells                             Type                      Level
   a - Blink                          Translocation                2
   b - Shroud of Golubria             Charms/Translocation         2
   c - Lesser Beckoning               Translocation                3
   d - Gell's Gravitas                Translocation                3
   e - Teleport Other                 Translocation                3
   f - Passage of Golubria            Translocation                4
Comestibles
 f - a bread ration
 k - a royal jelly


   Skills:
 + Level 5.3 Fighting
 - Level 1.7 Long Blades
 - Level 1.1 Throwing
 - Level 0.6 Armour
 - Level 1.3 Dodging
 - Level 1.5 Spellcasting
   Level 2.6 Translocations


You had 7 spell levels left.
You didn't know any spells.

Dungeon Overview and Level Annotations

Branches:
Dungeon (2/15)

Altars:

Annotations:
D:2 Crazy Yiuf


Innate Abilities, Weirdness & Mutations

You have hooves in place of feet.
Armour fits poorly on your strangely shaped body.
You cover ground very quickly.
You have extremely tough skin. (AC +3)


Message History

Crazy Yiuf freezes you.
Crazy Yiuf hits you with a quarterstaff of chaos. x3
Crazy Yiuf hits you with a quarterstaff of chaos!
* * * LOW HITPOINT WARNING * * *
Crazy Yiuf hits you with a quarterstaff of chaos.
* * * LOW HITPOINT WARNING * * *
You are electrocuted!
* * * LOW HITPOINT WARNING * * *
Crazy Yiuf laughs, "Mama!"
Crazy Yiuf hits you with a quarterstaff of chaos.
* * * LOW HITPOINT WARNING * * *
Crazy Yiuf burns you.
You turn to flesh and can move again.
It was a potion of brilliance.
You feel clever all of a sudden.
* * * LOW HITPOINT WARNING * * *
You feel sick.
Crazy Yiuf laughs, "Mugger!
Mountain shoe wrapper."
Crazy Yiuf hits you with a quarterstaff of chaos.
You die...

#### #......##.........
...# #.................
...#.
#.................
.....
##########........
..... #....#### .....
#######....># ### ###
###)#).#.....#### .....
#)))##))#)............
.....
#.))g@####.......#####
..... #)))###
##.#........( ..... ###
####).)..... .....
#...<.... .##..
#........ .# .. ##
##########....####
...#.....##......#
...#.....##....#.# ##
..#........[#....#.####


You could see Crazy Yiuf.

Vanquished Creatures
  Terence (D:2)
  Robin (D:2)
  2 adders (D:2)
  2 gnolls (D:2)
  2 leopard geckos
  4 bats
  2 giant cockroaches (D:1)
  12 goblins
  7 hobgoblins
  13 jackals
  3 ball pythons
  4 frilled lizards
  6 kobolds
  2 rats (D:1)
61 creatures vanquished.

Notes
Turn   | Place    | Note
-------+----------+-------------------------------------------
     0 | D:1      | esteth the Centaur Warper began the quest for the Orb.
     0 | D:1      | Reached XP level 1. HP: 17/17 MP: 3/3
    73 | D:1      | Reached XP level 2. HP: 17/25 MP: 4/4
   197 | D:1      | Reached skill level 3 in Fighting
   557 | D:1      | Reached XP level 3. HP: 31/31 MP: 5/5
   773 | D:2      | Noticed Robin
  1158 | D:1      | Reached skill level 4 in Fighting
  1359 | D:2      | Killed Robin
  1564 | D:2      | Got a distressingly furry helmet
  1570 | D:2      | Identified the +1 helmet of the Good {rN+++ Str-5 Int+3 Stlth-} (You took it off Robin on level 2 of the Dungeon)
  1622 | D:2      | Reached XP level 4. HP: 17/41 MP: 6/6
  1892 | D:2      | Noticed Terence
  1923 | D:2      | Killed Terence
  1923 | D:2      | Reached skill level 5 in Fighting
  2241 | D:2      | Reached XP level 5. HP: 18/48 MP: 7/7
  2586 | D:2      | Found a runed door.
  2590 | D:2      | Noticed Crazy Yiuf
  2605 | D:2      | HP: 2/48 [poisoned by Crazy Yiuf]
  2605 | D:2      | Slain by Crazy Yiuf

Vault maps used:
D:1:      saegor_arrival_simple_c
D:2:      uniq_crazy_yiuf_cottage, uniq_robin, uniq_terence

Skill      XL: |  1  2  3  4 |
---------------+-------------+-----
Fighting       | 3 4 5 |  5.3
Long Blades    | |  1.7
Throwing       | |  1.1
Armour         | |  0.6
Dodging        | |  1.3
Spellcasting   | |  1.5
Translocations | |  2.6

Action                   |  1- 3 |  4- 6 || total
-------------------------+-------+-------++-------
Melee: Falchion          |   103 |    16 ||   119
       Kick              |    16 |    12 ||    28
       Hand axe          |       |    20 ||    20
  Use: Potion            |       |     2 ||     2
  Eat: Chunk             |     2 |     3 ||     5
Armor: Leather armour    |    43 |    13 ||    56
Dodge: Dodged            |    73 |    21 ||    94
       Rpst.: Falchion   |    25 |     5 ||    30

Table legend:
 A = Spawn XP
 B = Non-spawn XP
 C = Spawn XP percentage of total XP
 D = Spawn monster count
 E = Non-spawn monster count
 F = Spawn count percentage of total count
 G = Total turns spent on level
                    A         B        C        D         E        F      G
               +---------+---------+-------+---------+---------+-------+---------
         Total |       0 |     205 |   0.0 |       0 |      61 |   0.0 |  2605
               +---------+---------+-------+---------+---------+-------+---------
           D:1 |       0 |      70 |   0.0 |       0 |      40 |   0.0 |  1337
           D:2 |       0 |     135 |   0.0 |       0 |      21 |   0.0 |  1268
               +---------+---------+-------+---------+---------+-------+---------
